 Dungeon Crawl Stone Soup version 0.30.0-18-gc0e69614cb (webtiles) character file.

Game seed: 17437459933485660498

288 MacCMillion the Chopper (level 6, -9/51 HPs)
             Began as a Minotaur Fighter on May 25, 2023.
             Mangled by an ogre
             ... wielding a +0 giant club
              (19 damage)
             ... on level 4 of the Dungeon.
             The game lasted 00:04:18 (2918 turns).

MacCMillion the Chopper (Minotaur Fighter)          Turns: 2918, Time: 00:04:19

Health: -9/51      AC: 10    Str: 23    XL:     6   Next: 9%
Magic:  5/5        EV:  8    Int:  5    God:
Gold:   190        SH:  4    Dex:  9    Spells: 5/5 levels left

rFire   . . .        a - +0 war axe
rCold   . . .        c - +0 buckler
rNeg    . . .        h - +0 chain mail
rPois   .            (helmet restricted)
rElec   .            f - +0 cloak
rCorr   .            (no gloves)
SInv    .            (no boots)
Will    .....        (no amulet) Stlth
                     l - ring of flight
HPRegen 0.28/turn    (no ring)
MPRegen 0.09/turn

%: no passive effects
@: flying
A: horns 2, retaliatory headbutt
a: no special abilities


You were on level 4 of the Dungeon.
You visited 1 branch of the dungeon, and saw 4 of its levels.

You collected 190 gold pieces.

Inventory:

Hand Weapons
 a - a +0 war axe (weapon)
Missiles
 o - 4 javelins (quivered)
 p - a throwing net
Armour
 b - a +0 scale mail
 c - a +0 buckler (worn)
 f - a +0 cloak (worn)
 h - a +0 chain mail (worn)
Jewellery
 l - a ring of flight (left hand)
 n - a ring of fire
Wands
 u - a wand of charming (11)
Scrolls
 j - a scroll of vulnerability {unknown}
 k - 3 scrolls of identify {unknown}
 q - a scroll of brand weapon {unknown}
 r - a scroll of acquirement {unknown}
 s - 2 scrolls of noise {unknown}
 t - a scroll of teleportation {unknown}
Potions
 d - a potion of might
 e - a potion of haste {unknown}
 g - 2 potions of heal wounds
 i - 5 potions of curing {unknown}
 m - 2 potions of mutation {unknown}


   Skills:
 - Level 3.6 Fighting
 + Level 7.1 Axes
 - Level 3.7 Armour
 - Level 2.0 Dodging
 - Level 4.0 Shields


You had 5 spell levels left.
You didn't know any spells.
Your spell library was empty.

Dungeon Overview and Level Annotations

Branches:
Dungeon (4/15)
 Temple: D:4-7

Altars:

Shops:
D:1 !

Annotations:
D:3 1 runed translucent door, Crazy Yiuf


Innate Abilities, Weirdness & Mutations

You have a pair of horns on your head.
You reflexively headbutt those who attack you in melee.


Message History

You miss the hound. Your headbutt misses the hound.
You block the hound's attack. The hound barely misses you.
You furiously retaliate!
You headbutt the hound! You completely miss the hound.
The hound is heavily wounded.
The hound bites you but does no damage.
The orc priest invokes the aid of Beogh against you.
Beogh smites you!
You miss the hound. Your headbutt misses the hound.
The hound is heavily wounded.
You block the hound's attack. The hound bites you.
You barely miss the hound. Your headbutt misses the hound.
The hound is heavily wounded.
The hound bites you. The hound barely misses you.
You slash the hound!
You kill the hound!
Your Axes skill increases to level 7!
You have reached level 6!
You barely miss the orc. The orc completely misses you.
You barely miss the orc. The orc hits you but does no damage.
You block the orc's attack.
You hit the orc.
The orc is severely wounded.
The orc priest calls down the wrath of Beogh upon you.
Beogh smites you!
* * * LOW HITPOINT WARNING * * *
The orc drinks a potion.
The orc is healed!
The orc attacks as you move away! The orc hits you but does no damage.
The orc attacks as you move away! The orc hits you with a +0 hand axe.
* * * LOW HITPOINT WARNING * * *
The orc attacks as you move away! The orc hits you but does no damage.
The orc attacks as you move away! You block the orc's attack.
The orc priest miscasts a cantrip.
You hear the rusting of a very distant drain.
The ogre shouts!
You hit the ogre.
The ogre is lightly wounded.
You closely miss the orc.
The ogre hits you with a +0 giant club!!
You die...

..............#.#
#.####.##.###.#.# #.# #.#
#.#.# ### #.# ... ..#.#
... ..# ##.# ###.#
..########.# #.# #.#
...o.o..{..# #.# #.#
#.########o#######.#####.#
#.# #..o.Bo@O#......# #†#
#########.####### o{# #.#
#o. #<# ... #.# .... ...
8.<. ..# ..... .## #.


You could see an ogre, an orc priest, 2 orcs and a giant cockroach.

Vanquished Creatures
  A centaur (D:4)
  2 hounds (D:4)
  4 gnolls (D:3)
  4 adders
  A worm (D:3)
  3 dart slugs
  An orc (D:3)
  3 endoplasms
  6 goblins
  4 hobgoblins
  6 jackals (D:1)
  2 kobolds
  6 quokkas
  6 ball pythons
  10 bats
  2 frilled lizards
  6 rats
67 creatures vanquished.

Notes
Turn   | Place    | Note
-------+----------+-------------------------------------------
     0 | D:1      | MacCMillion the Minotaur Fighter began the quest for the
                  | Orb.
     0 | D:1      | Reached XP level 1. HP: 19/19 MP: 0/0
    76 | D:1      | Reached XP level 2. HP: 26/26 MP: 1/1
   130 | D:1      | Reached skill level 3 in Axes
   320 | D:1      | Found Dyxkufri's Distillery.
  1427 | D:2      | Reached skill level 4 in Axes
  1427 | D:2      | Reached XP level 3. HP: 31/31 MP: 2/2
  1730 | D:2      | Reached skill level 5 in Axes
  1730 | D:2      | Reached XP level 4. HP: 39/39 MP: 3/3
  2008 | D:3      | Reached skill level 1 in Dodging
  2315 | D:3      | Reached XP level 5. HP: 45/45 MP: 4/4
  2418 | D:3      | Found a runed translucent door.
  2419 | D:3      | Noticed Crazy Yiuf
  2772 | D:4      | Noticed a centaur
  2777 | D:4      | Reached skill level 6 in Axes
  2778 | D:4      | Killed a centaur
  2868 | D:4      | Noticed an ogre
  2899 | D:4      | Reached skill level 7 in Axes
  2899 | D:4      | Reached XP level 6. HP: 16/51 MP: 5/5
  2918 | D:4      | Mangled by an ogre

Illustrated notes

Levels and vault maps discovered:
D:1:      dpeg_arrival_signposts, layout_basic, serial_shops,
          nicolae_shop_industrial_runoff
D:2:      layout_loops_ring
D:3:      layout_loops_ring, roderic_roman_lattice, minmay_misc_feat_rugged,
          uniq_crazy_yiuf_cottage
D:4:      layout_loops_ring, gup_sewer_entry_bowl, grunt_ministairs_1

Skill      XL: |  1  2  3  4  5 |
---------------+----------------+-----
Axes           | 4 5 7 |  7.1
Shields        | 4 |  4.0
Dodging        | 1 2 |  2.0
Fighting       | |  3.6
Armour         | |  3.7

Action                     |  1- 3 |  4- 6 || total
---------------------------+-------+-------++-------
  Melee: War axe           |    69 |    67 ||   136
         Headbutt          |     6 |     7 ||    13
  Evoke: Wand              |       |     1 ||     1
 Armour: Scale mail        |    18 |       ||    18
         Chain mail        |    28 |    43 ||    71
  Dodge: Dodged            |    37 |    28 ||    65
  Block: Buckler           |    18 |    22 ||    40
